 Dungeon Crawl Stone Soup version 0.28.0-45-g0d030f2227 (webtiles) character file.

Game seed: 16566111254966467214

6 psko the Sneak (level 1, -5/9 HPs)
             Began as a Spriggan Conjurer on May 14, 2022.
             Slain by a black bear (6 damage)
             ... created by the rage of Trog
             ... on level 1 of the Dungeon.
             The game lasted 00:02:02 (338 turns).

psko the Sneak (Spriggan Conjurer)                   Turns: 338, Time: 00:02:03

Health: -5/9       AC:  2    Str:  3    XL:     1   Next: 75%
Magic:  1/5        EV: 17    Int: 19    God:
Gold:   13         SH:  0    Dex: 13    Spells: 4/5 levels left

rFire   . . .      SeeInvis +   (weapon restricted)
rCold   . . .      Faith    .   (no shield)
rNeg    . . .      Spirit   .   a - +0 robe
rPois   .          Reflect  .   (helmet restricted)
rElec   .          Harm     .   (no cloak)
rCorr   .          Rampage  .   (gloves unavailable)
Will    .....                   (boots unavailable)
Stlth   ++........              (no amulet)
HPRegen 0.03/turn               (no ring)
MPRegen 0.09/turn               (no ring)

@: very quick
A: very small, no large weapons, unfitting armour, see invisible, speed 3
a: no special abilities


You were on level 1 of the Dungeon.
You visited 1 branch of the dungeon, and saw 1 of its levels.

You collected 13 gold pieces.

Inventory:

Armour
 a - a +0 robe (worn)
Potions
 b - a potion of magic {unknown}
 c - a potion of haste {unknown}


   Skills:
 + Level 3.0 Dodging
 + Level 3.3 Stealth
 - Level 2.7 Spellcasting
 - Level 3.0 Conjurations


You had 4 spell levels left.
You knew the following spells:

 Your Spells              Type           Power      Damage    Failure   Level
a - Magic Dart            Conj           56%        1d5       4%          1

Your spell library contained the following spells:

 Spells                   Type           Power      Damage    Failure   Level
 Searing Ray              Conj           28%        2d5       7%          2
 Dazzling Flash           Conj/Hex       16%        N/A       26%         3
 Fulminant Prism          Conj/Hex       4%         3d6       63%         4
 Iskenderun's Mystic Bla  Conj/Tloc      8%         2d4       63%         4


Dungeon Overview and Level Annotations

Branches:
Dungeon (1/15)

Altars:
Trog


Innate Abilities, Weirdness & Mutations

You are very small and have problems with some larger weapons.
You are too small for most types of armour.
You have supernaturally acute eyesight. (SInv)
You cover ground extremely quickly. (Speed+++)


Message History

Confirm with . or Enter, or press ? or * to list all spells.
Aiming: Magic Dart (safe; 4% risk of failure)
Press: ? - help, Shift-Dir - straight line, f/p - endoplasm
Aim: an endoplasm (almost dead, 100% to hit)
The magic dart hits the endoplasm.
You kill the endoplasm!
Your Dodging skill increases to level 3!
You start resting.
Your magical contamination has completely faded away.
You start resting.
Trog sends monsters to punish you. 2 black bears come into view.
Casting: Magic Dart (safe; 4% risk of failure)
Confirm with . or Enter, or press ? or * to list all spells.
Aiming: Magic Dart (safe; 4% risk of failure)
Press: ? - help, Shift-Dir - straight line, f - black bear
Aim: a black bear (durably summoned, berserk, 100% to hit)
The magic dart hits the black bear.
The black bear is lightly wounded.
Casting: Magic Dart (safe; 4% risk of failure)
Confirm with . or Enter, or press ? or * to list all spells.
Aiming: Magic Dart (safe; 4% risk of failure)
Press: ? - help, Shift-Dir - straight line, f/p - black bear
Aim: a black bear (lightly wounded, durably summoned, berserk, 100% to hit)
The magic dart hits the black bear.
The black bear is lightly wounded.
Casting: Magic Dart (safe; 4% risk of failure)
Confirm with . or Enter, or press ? or * to list all spells.
Aiming: Magic Dart (safe; 4% risk of failure)
Press: ? - help, Shift-Dir - straight line, f/p - black bear
Aim: a black bear (lightly wounded, durably summoned, berserk, 100% to hit)
The magic dart hits the black bear.
The black bear is lightly wounded.
The black bear bites you!
Ouch! That really hurt!
* * * LOW HITPOINT WARNING * * *
The black bear closely misses you. x2; The black bear misses you. x2
The black bear closely misses you. The black bear bites you.
Ouch! That really hurt!
You die...

#........###.##......#
#.....(.........##.#.#
#........###.#####.#.#
##.......# #.......#..
#........# ##########.
#....#..##### #. ....
#...####### #. #
###........ #.
#.h@##..... #.
#.h>....... ##.
#...####..... #.. #..#
.... #.. #.. ### #.#
#. ### #######.#
#.#######.## #.......#
#.....##...###.......#
#
##..#.#.....##.#.....#


You could see 2 black bears.

Vanquished Creatures
  2 endoplasms (D:1)
  2 kobolds (D:1)
  A rat (D:1)
5 creatures vanquished.

Notes
Turn   | Place    | Note
-------+----------+-------------------------------------------
     0 | D:1      | psko the Spriggan Conjurer began the quest for the Orb.
     0 | D:1      | Reached XP level 1. HP: 9/9 MP: 5/5
    72 | D:1      | Found a faded altar of an unknown god.
   135 | D:1      | Prayed at the altar of an unknown god.
   135 | D:1      | Became a worshipper of Trog the Wrathful
   135 | D:1      | Reached * piety under Trog
   158 | D:1      | Fell from the grace of Trog
   336 | D:1      | Noticed a black bear
   336 | D:1      | Noticed a black bear
   338 | D:1      | Slain by a black bear

Illustrated notes

Levels and vault maps discovered:
D:1:      lightli_arrival_noodles, layout_loops_cross, serial_shops,
          nicolae_shop_waterfront, shapermc_ecumenical_altar_starsandcircs

Skill      XL: |  1 |
---------------+----+-----
Conjurations   | 3 |  3.0
Dodging        | 3 |  3.0
Stealth        | |  3.3
Spellcasting   | |  2.7

Action                   || total
-------------------------++-------
 Cast: Magic Dart        ||    17
Invok: Renounce Religion ||     1
Armor: Robe              ||     1
Dodge: Dodged            ||     8
